Workbook

Sheet B-2 Australian sales
A1: INSERT COMPANY NAME
A3: EXPORT SALES
A5: [1] | B5: [1.1] | C5: [1.2] | D5: [2] | E5: [3.1] | F5: [3.1] | G5: [3.1] | H5: [3.1] | I5: [3.1] | J5: [3.1] | K5: [3.1] | L5: [3.1] | M5: [3.1] | N5: [3.2] | O5: [4] | P5: [4.1] | Q5: [5] | U5: [6] | V5: [7] | W5: [8] | X5: [9] | Y5: [9.1] | Z5: [10] | AA5: [11] | AB5: [12] | AC5: [12.1] | AD5: [13] | AE5: [14] | AF5: [15] | AG5: [16] | AH5: [16.1] | AI5: [17] | AJ5: [17.1] | AK5: [18] | AL5: [18.1] | AM5: [19] | AN5: [19.1] | AO5: [20] | AP5: [21] | AQ5: [21.1] | AR5: [22] | AS5: [22.1] | AT5: [23] | AU5: [23.1] | AV5: [24] | AW5: [24.1] | AX5: [25] | AY5: [25.1] | AZ5: [26] | BA5: [26.1] | BB5: [27] | BC5: [27.1]
A6: Customer name | B6: Customer's country | C6: Related company? | D6: Level of trade | E6: MCC Category 1 - Alloy content | F6: MCC Category 2 - Prime | G6: MCC Category 3 - Steel base | H6: MCC Category 4 - Coating type | I6: MCC Category 5 - Coating mass | J6: MCC Category 6 - Steel grade | K6: MCC Category 7 - Base metal thickness | L6: MCC Category 8 - Width | M6: MCC Category 9 - Form | N6: MCC | O6: Product code | P6: Standard | Q6: Order number | R6: Order date | S6: Invoice number | T6: Invoice date | U6: Date of sale | V6: Quarter | W6: Shipping terms | X6: Payment terms (days) | Y6: Payment date | Z6: Quantity [specify unit e.g. KG, MT] | AA6: Currency | AB6: Gross invoice value | AC6: Unit Gross Invoice Value | AD6: On-invoice discounts | AE6: Off-invoice rebates | AF6: Other charges or surcharges | AG6: Net invoice value | AH6: Unit Net invoice value | AI6: Ocean freight | AJ6: Unit Ocean freight | AK6: Marine insurance | AL6: Unit Marine insurance | AM6: FOB export price | AN6: Unit FOB export price | AO6: Exchange rate | AP6: FOB export price (local currency) | AQ6: Unit FOB export price (local currency) | AR6: Packaging | AS6: Unit Packaging | AT6: Inland transport | AU6: Unit Inland Transport | AV6: Port handling and other export charges | AW6: Unit Port handing and other export charges | AX6: Technical and after sales support | AY6: Unit Technical and after sales support | AZ6: Commission | BA6: Unit Commission | BB6: Other costs | BC6: Unit Other Expenses
N7: =CONCATENATE(E7,"-",F7,"-",G7) -> -- | U7: =T7 -> 0 | V7: =VALUE(ROUNDUP(MONTH(U7)/12*4,0)*3&"/"&YEAR(U7)) -> 61 | AC7: =AB7/Z7 -> #DIV/0! | AG7: =AB7-AD7-AE7+AF7 -> 0 | AH7: =AG7/Z7 -> #DIV/0! | AJ7: =AI7/Z7 -> #DIV/0! | AL7: =AK7/Z7 -> #DIV/0! | AM7: =AG7-AI7-AK7 -> 0 | AN7: =AM7/Z7 -> #DIV/0! | AQ7: =AP7/Z7 -> #DIV/0! | AS7: =AR7/Z7 -> #DIV/0! | AU7: =AT7/Z7 -> #DIV/0! | AW7: =AV7/Z7 -> #DIV/0! | AY7: =AX7/Z7 -> #DIV/0! | BA7: =AZ7/Z7 -> #DIV/0! | BC7: =BB7/Z7 -> #DIV/0!
A9: Notes: [1] | B9: Names of your customers.
A10: [1.1] | B10: The country where your customer is located, which may be a country other than Australia.
A11: [1.2] | B11: Is the customer related to your company?
A12: [2] | B12: The level of trade of your customer.
A13: [3.1] | B13: Category of the model control code. Please refer to the exporter questionnaire for details of the model control code categories and sub-categories
A14: [3.2] | B14: Model control code. Please use the formula provided
A15: [4] | B15: Code used in your records for the model/grade/type identified. Explain the product codes in your submission.
A16: [4.1] | B16: Please specify the standard to which the product is manufactured to
A17: [5] | B17: Order confirmation, contract or purchase order number.
A18: [6] | B18: The date of sale is the same as the invoice date unless you consider that another date best establishes the material terms of sale, then report that date.
A19: [7] | B19: The quarter that the date of sale in [5] falls in. Please use the formula provided
A20: [8] | B20: Delivery terms of the invoice price eg. EXW, CIF, CFR, FOB, DDP
... A45: [24] | B45: Port handling, loading, ancillary and other export charges. For example, terminal handling, export inspection, wharfage & other port charges, container tax, document fees & customs
B46: brokers fees, clearance fees, bank charges, letter of credit fees, & other ancillary charges .
A47: [24.1] | B47: The port handling and other export charges expressed per unit. Handling & other [24]/Quantity [10]. Please use the formula provided.
A48: [25] | B48: Expenses for technial and after sale services, such as technical assistance or installation costs.
A49: [25.1] | B49: The amount of technical and after sales support expressed per unit. Technical support [25]/Quantity [10]. Please use the formula provided.
A50: [26] | B50: Commissions paid. If more than one type is paid insert additional columns of data. Indicate in your response to question B.2 whether the commission is a pre or post exportation expense having regard to the date of sale.
A51: [26.1] | B51: The commissions expressed per unit. Show a separate column for each type of commission. Commission [26]/Quantity [10]. Please use the formula provided.
A52: [27] | B52: Any other direct selling expenses incurred in relation to the exports to Australia (include additional columns as required). See question B-5.
A53: [27.1] | B53: Any other direct selling expenses expressed per unit. Show a separate column for each type of expense incurred. Other costs [27]/Quantity [10]. Please use the formula provided.

Sheet B-2.2 Australian sales source
A1: ='B-2 Australian sales'!A1 -> INSERT COMPANY NAME
A3: Exhibit B-2.2 source data for worksheet 'B-2 Australian sales'
A5: Column code | B5: Column title | C5: Source
C6: Exhibit | D6: Accounting code (if applicable)
A7: [1] | B7: Customer name
A8: [1.1] | B8: Customer's country
A9: [2] | B9: Level of trade
A10: [3.1] | B10: MCC Category 1
A11: [3.1] | B11: MCC Category 2
A12: [3.1] | B12: MCC Category 3
A13: [3.1] | B13: MCC Category 4
A14: [3.1] | B14: MCC Category 5
A15: [3.1] | B15: MCC Category 6
A16: [3.1] | B16: MCC Category 7
A17: [3.1] | B17: MCC Category 8
A18: [3.1] | B18: MCC Category 9
... A20: [5] | B20: Order number
B21: Order date
B22: Invoice number
B23: Invoice date
A24: [6] | B24: Date of sale
A25: [8] | B25: Shipping terms
A26: [9] | B26: Payment terms (days)
A27: [10] | B27: Quantity
A28: [11] | B28: Invoice currency
A29: [12] | B29: Gross invoice value
A30: [13] | B30: Invoiced discounts (if any)
A31: [14] | B31: Off-invoice rebates (if any)
A32: [15] | B32: Other charges (if any)
A33: [16] | B33: Net invoice value
A34: [17] | B34: Ocean freight
A35: [18] | B35: Marine insurance
... A44: [27] | B44: Other expenses
A46: Notes:
A47: Populate the column 'exhibit' with a reference to the relevant exhibit (or attachment) from where the information originates.
A48: Exhibit can be any form of source document, e.g. a screenshot from your accounting system, a General Ledger file, financial statement, management account etc.
A49: Populate the column 'accounting code' with a reference to where the information is found in the accounting system, e.g. GL Account 621.
A50: If the accounting code can be traced to a sub-account, provide the sub-account number.
A51: Add additional rows if additional columns have been inserted into worksheet 'B-2 Australian sales'.
A52: The source of templated formulas are not required.

Sheet B-4 Upwards sales
A1: ='B-2 Australian sales'!A1 -> INSERT COMPANY NAME
A3: Upwards Sales Reconciliation
A4: Description | B4: Value | C4: Volume | D4: Exhibit | E4: Accounting code
A5: Revenue in Income Statement
A6: - Variance* | B6: =B5-B7 -> 0
A7: Financial year revenue before adjustments | B7: =B8+B9 -> 0
A8: Difference between the period and financial year
A9: Total company sales revenue in the period
A10: - Variance* | B10: =B9-B11 -> 0 | C10: =C9-C11 -> 0
A11: Summary of all products sold | B11: =SUM(B12:B16) -> 0 | C11: =SUM(C12:C16) -> 0
A12: - Goods under consideration | B12: =B17 -> 0 | C12: =C17 -> 0
A13: - Other products A
A14: - Other products B
A15: - Other products C
A16: - Other products D (add new lines as required)
A17: Goods under consideration | B17: =B18+B19+B20 -> 0 | C17: =C18+C19+C20 -> 0
A18: - Domestic Sales
A19: - Australian Sales
A20: - Third Country Sales
A22: * account for variance as far as possible.
A24: Note:
A25: Complete the yellow cells only
A26: Exhibit can be any form of source document, e.g. a master sales listing, a screenshot from your accounting system, a General Ledger file, financial statement, management account etc.
A27: Populate the column 'accounting code' with a reference to where the information is found in the accounting system, e.g. GL Account 621.
A28: If the account code can be traced to a sub-account, provide the sub-account number.
A29: There must not be any balancing amounts. All amounts must be supported by source documents.

Sheet D-2 Domestic sales
A1: ='B-2 Australian sales'!A1 -> INSERT COMPANY NAME
A3: DOMESTIC SALES
A5: [1] | B5: [1.2] | C5: [2] | D5: [3.1] | E5: [3.1] | F5: [3.1] | G5: [3.1] | H5: [3.1] | I5: [3.1] | J5: [3.1] | K5: [3.1] | L5: [3.1] | M5: [3.2] | N5: [4] | O5: [4.1] | P5: [5] | T5: [6] | U5: [7] | V5: [8] | W5: [9] | X5: [9.1] | Y5: [10] | Z5: [11] | AA5: [11.1] | AB5: [12] | AC5: [13] | AD5: [14] | AE5: [15] | AF5: [15.1] | AG5: [16] | AH5: [16.1] | AI5: [17] | AJ5: [17.1] | AK5: [18] | AL5: [18.1] | AM5: [19] | AN5: [19.1] | AO5: [20] | AP5: [20.1] | AQ5: [21] | AR5: [21.1]
A6: Customer name | B6: Related company? | C6: Level of trade | D6: MCC Category 1 - Alloy content | E6: MCC Category 2 - Prime | F6: MCC Category 3 - Steel base | G6: MCC Category 4 - Coating type | H6: MCC Category 5 - Coating mass | I6: MCC Category 6 - Steel grade | J6: MCC Category 7 - Base metal thickness | K6: MCC Category 8 - Width | L6: MCC Category 9 - Form | M6: MCC | N6: Product code | O6: Standard | P6: Order number | Q6: Order date | R6: Invoice number | S6: Invoice date | T6: Date of sale | U6: Quarter | V6: Delivery terms | W6: Payment terms (days) | X6: Payment date | Y6: Quantity [specify unit e.g. KG, MT] | Z6: Gross invoice value | AA6: Unit Gross Invoice Value | AB6: On-invoice discounts | AC6: Off-invoice rebates | AD6: Other charges or surcharges | AE6: Net invoice value | AF6: Unit Net invoice value | AG6: Packaging | AH6: Unit Packaging | AI6: Inland transport | AJ6: Unit Inland Transport | AK6: Handling & other | AL6: Unit Handling & other | AM6: Technical and after sales support | AN6: Unit Technical and after sales support | AO6: Commission | AP6: Unit Commission | AQ6: Other Expenses | AR6: Unit Other Expense
M7: =CONCATENATE(D7,"-",E7,"-",F7) -> -- | T7: =S7 -> 0 | U7: =VALUE(ROUNDUP(MONTH(T7)/12*4,0)*3&"/"&YEAR(T7)) -> 61 | AA7: =Z7/Y7 -> #DIV/0! | AE7: =Z7-AB7-AC7+AD7 -> 0 | AF7: =AE7/Y7 -> #DIV/0! | AH7: =AG7/Y7 -> #DIV/0! | AJ7: =AI7/Y7 -> #DIV/0! | AL7: =AK7/Y7 -> #DIV/0! | AN7: =AM7/Y7 -> #DIV/0! | AP7: =AO7/Y7 -> #DIV/0! | AR7: =AQ7/Y7 -> #DIV/0!
A9: Notes: [1] | B9: Names of your customers. If an English version of the name is not easily produced from your automated systems, show a customer code number and in a separate table list each code and name.
A10: [1.1] | B10: Is the customer related to your company?
A11: [2] | B11: The level of trade of your customer.
A12: [3.1] | B12: Category of the model control code. Please refer to the exporter questionnaire for details of the model control code categories and sub-categories
A13: [3.2] | B13: Model control code. Please use the formula provided
A14: [4] | B14: Code used in your records for the model/grade/type identified. Explain the product codes in your submission.
A15: [4.1] | B15: Please specify the standard to which the product is manufactured to
A16: [5] | B16: Order confirmation, contract or purchase order number.
A17: [6] | B17: The date of sale is the same as the invoice date unless you consider that another date best establishes the material terms of sale, then report that date.
A18: [7] | B18: The quarter that the date of sale in [5] falls in. Please use the formula provided
A19: [8] | B19: Delivery terms of the invoice price eg. ex-works, delivered
A20: [9] | B20: Agreed payment terms in days, including pre-payment; eg. 60 credit days = 60; 30 days pre-payment = -30
... A41: [21.1] | B41: Any other direct selling expenses expressed per unit. Show a separate column for each type of expense incurred. Other costs [21]/Quantity [10]. Please use the formula provided.

Sheet D-2.2 domestic sales source
A1: ='B-2 Australian sales'!A1 -> INSERT COMPANY NAME
A3: Exhibit D-2.2 source data for worksheet 'D-2 domestic sales'
A5: Column code | B5: Column title | C5: Source
C6: Exhibit | D6: Accounting code (if applicable)
A7: [1] | B7: Customer name
A8: [2] | B8: Level of trade
A9: [3.1] | B9: MCC Category 1
A10: [3.1] | B10: MCC Category 2
A11: [3.1] | B11: MCC Category 3
A12: [3.1] | B12: MCC Category 4
A13: [3.1] | B13: MCC Category 5
A14: [3.1] | B14: MCC Category 6
A15: [3.1] | B15: MCC Category 7
A16: [3.1] | B16: MCC Category 8
A17: [3.1] | B17: MCC Category 9
A18: [4] | B18: Product code
A19: [5] | B19: Order number
B20: Order date
B21: Invoice number
B22: Invoice date
A23: [6] | B23: Date of sale
A24: [8] | B24: Delivery terms
A25: [9] | B25: Payment terms (days)
A26: [10] | B26: Quantity
A27: [11] | B27: Gross invoice value
A28: [12] | B28: Invoiced discounts (if any)
A29: [13] | B29: Off-invoice rebates (if any)
A30: [14] | B30: Other charges (if any)
A31: [15] | B31: Net invoice value
A32: [16] | B32: Packaging type
A33: [16] | B33: Packaging cost
A34: [17] | B34: Inland transport
... A38: [21] | B38: Other expenses
A40: Notes:
A41: Populate the column 'exhibit' with a reference to the relevant exhibit (or attachment) where the information originates.
A42: Exhibit can be any form of source document, e.g. a screenshot from your accounting system, a General Ledger file, financial statement, management account etc.
A43: Populate the column 'accounting code' with a reference to where the information is found in the accounting system, e.g. GL Account 621.
A44: If the accounting code can be traced to a sub-account, provide the sub-account number.
A45: Add additional rows if additional columns have been inserted into worksheet 'D-2 domestic sales'.
A46: The source of templated formulas are not required.

Sheet F-2 Third country sales
A1: ='B-2 Australian sales'!A1 -> INSERT COMPANY NAME
A3: SALES TO THIRD COUNTRIES
A5: [1] | B5: [2] | C5: [3] | D5: [4] | E5: [5] | F5: [6] | G5: [7] | H5: [8] | I5: [9] | J5: [10] | K5: [11]
A6: Country | B6: Customers | C6: Level of trade | D6: MCC | E6: Quantity [specify unit e.g. KG, MT] | F6: Value of sales | G6: Currency | H6: Value of sales in local currency | I6: Payment terms | J6: Shipping terms | K6: EXW Value of sales in local currency
A10: Notes: [1] | B10: Name of the country that you exported like goods to over the period.
A11: [2] | B11: The number of different customers that your company has sold like goods to in the third country over the period.
A12: [3] | B12: The level of trade that you export like goods to in the third country.
A13: [4] | B13: Model Control Code.
A14: [5] | B14: Quantity exported to the third country over the period.
A15: [6] | B15: Show net sales value to all customers in third country over the period.
A16: [7] | B16: Currency in which you have expressed data in column SALES.
A17: [8] | B17: Show the net sales value in your local currency.
A18: [9] | B18: Typical payment terms with customer(s) in the country; eg. 60 days.
A19: [10] | B19: Typical shipment terms to customers in the third country; eg CIF, FOB, ex-factory, DDP.
A20: [11] | B20: Show the Ex-works value of the sales in your local currency.

Sheet F-2.2 third country sale source
A1: ='B-2 Australian sales'!A1 -> INSERT COMPANY NAME
A3: Exhibit F-2.2 source data for worksheet 'F-2 third country sales'
A5: Column code | B5: Column title | C5: Source
C6: Exhibit | D6: Accounting code (if applicable)
A7: [1] | B7: Country
A8: [2] | B8: Customers
A9: [3] | B9: Level of trade
A10: [4] | B10: MCC
A11: [5] | B11: Quantity
A12: [6] | B12: Value of sales
A13: [7] | B13: Currency
A14: [8] | B14: Value of sales in local currency
A15: [9] | B15: Payment terms
A16: [10] | B16: Shipping terms
A17: [11] | B17: EXW Value of sales in local currency
A19: Notes:
A20: Populate the column 'exhibit' with a reference to the relevant exhibit (or attachment) where the information originates.
A21: Exhibit can be any form of source document, e.g. a screenshot from your accounting system, a General Ledger file, financial statement, management account etc.
A22: Populate the column 'accounting code' with a reference to where the information is found in the accounting system, e.g. GL Account 621.
A23: If the accounting code can be traced to a sub-account, provide the sub-account number.

Sheet G-3 Domestic CTM
A1: ='B-2 Australian sales'!A1 -> INSERT COMPANY NAME
A3: COST TO MAKE - DOMESTIC SALES OF THE GOODS
A5: [1.1] | B5: [1.1] | C5: [1.1] | D5: [1.1] | E5: [1.1] | F5: [1.1] | G5: [1.1] | H5: [1.1] | I5: [1.1] | J5: [1.2] | K5: [2] | L5: [3] | M5: [3.1] | N5: [4] | O5: [5] | P5: [6] | Q5: [7] | R5: [8] | S5: [9] | T5: [10]
A6: MCC Category 1 - Alloy content | B6: MCC Category 2 - Prime | C6: MCC Category 3 - Steel base | D6: MCC Category 4 - Coating type | E6: MCC Category 5 - Coating mass | F6: MCC Category 6 - Steel grade | G6: MCC Category 7 - Base metal thickness | H6: MCC Category 8 - Width | I6: MCC Category 9 - Form | J6: MCC | K6: Quarter | L6: Raw material cost | M6: Raw material input / consumption [specify unit e.g. KG, MT] | N6: Other material costs | O6: Direct labour cost | P6: Manufacturing overheads cost | Q6: Other costs | R6: Total cost to make | S6: Production quantity [specify unit e.g. KG, MT] | T6: Unit cost to make
J7: =CONCATENATE(A7,"-",B7,"-",C7) -> -- | R7: =SUM(L7:Q7) -> 0 | T7: =R7/S7 -> #DIV/0!
A9: Notes: [1.1] | B9: Category of the model control code. Please refer to the exporter questionnaire for details of the model control code categories and sub-categories
A10: [1.2] | B10: Model control code. Please use the formula provided
A11: [2] | B11: The quarter of the period
A12: [3] | B12: Quarterly cost of each raw material for the MCC (enter additional columns for different raw materials used)
A13: [3.1] | B13: Quarterly quantity of raw material consumed for the MCC (enter additional columns for different raw materials used)
A14: [4] | B14: Quarterly cost of other materials for the MCC (do not include indirect costs that are included in manufacturing overheads)
A15: [5] | B15: Quarterly cost of direct labour for the MCC
A16: [6] | B16: Quarterly cost of manufacturing overheads for the MCC
A17: [7] | B17: Quarterly cost of other costs for the MCC
A18: [8] | B18: Total quarterly cost to make. Please use the formula provided
A19: [9] | B19: Quarterly production quantity of the MCC.
A20: [10] | B20: Quarterly unit cost to make of the MCC. Please use the formula provided

Sheet G-3.2 domestic CTM source
A1: ='B-2 Australian sales'!A1 -> INSERT COMPANY NAME
A3: Exhibit G-3.2 source data for worksheet 'G-3 domestic CTM'
A5: Column code | B5: Column title | C5: Source
C6: Exhibit | D6: Accounting code | E6: Account name | F6: Cost centre | G6: Total amount of relevant account (inquiry period) | H6: Narration (if required)
A7: [3] | B7: Raw material cost
A8: [3.1] | B8: Raw material input / consumption
A9: [4] | B9: Other material costs
A10: [5] | B10: Direct labour cost
A11: [6.1] | B11: Manufacturing overhead cost
A12: [6.2] | B12: Depreciation expense
A13: [7] | B13: Other costs
A14: [9] | B14: Production quantity
A16: Notes:
A17: This worksheet will be used to trace the source of any costs reported in 'G-3 domestic CTM'.
A18: Add additional lines as required, e.g. if the cost item can be broken up into further detail, or if more than one accounting code or cost centre is required for each column title.
A19: Populate the column 'exhibit' with a reference to the relevant exhibit (or attachment) where the information originates.
A20: Exhibit can be any form of source document, e.g. a screenshot from your accounting system, a General Ledger file, financial statement, management account etc.
A21: Populate the column 'accounting code' with a reference to where the information is found in the accounting system, e.g. GL Account 621.
A22: If the accounting code can be traced to a sub-account, provide the sub-account number.
A23: At 'total amount for relevant account (inquiry period)', provide the total amount from the relevant account as recorded in the accounting system.

Sheet G-4.1 SG&A listing
A1: ='B-2 Australian sales'!A1 -> INSERT COMPANY NAME
A3: SELLING, GENERAL AND ADMINISTRATIVE EXPENSES (including finance expenses, taxes and surcharges)
A6: [1] | B6: [2] | C6: [3] | D6: [4] | E6: [5] | F6: [6] | G6: [7] | H6: [8]
A7: Accounting code | B7: Account name | C7: Is it provisional or unrealised? | D7: Is it only related to exports or non-goods? | E7: Is it a direct selling expense? | F7: Type of direct selling expense as reported in B-2 & D-2 | G7: Expense in accounting period | H7: Expense in relevant period
C8: Yes/No | D8: Yes/No | E8: Yes/No
A10: Notes: [1] | B10: SG&A account code as per the chart of accounts
A11: [2] | B11: SG&A account name in English as per the chart of accounts
A12: [3] | B12: Is it not actual or realised (e.g. unrealised foreign exchange gains/loss, provision for doubtful debt)?
A13: [4] | B13: Is it related only to export sales or products that are not the goods under consideration?
A14: [5] | B14: Is the expense related to direct selling expense that has been reported in B-2 Australian sales and/or D-2 Domestic sales?
A15: [6] | B15: If the expense is a direct selling expense, specify what it is as reported in B-2 Australian sales and/or D-2 Domestic sales. E.g. Inland transport
A16: [7] | B16: Expense amount for the SG&A account in the most recent accounting period
A17: [8] | B17: Expense amount for the SG&A account in the relevant period

Sheet G-4.2 Dom SG&A calculation
A1: ='B-2 Australian sales'!A1 -> INSERT COMPANY NAME
A3: SELLING, GENERAL AND ADMINISTRATIVE EXPENSES
B6: Amount for the relevant period | C6: Notes
A7: Net Revenue | B7: ='B-4 Upwards sales'!B9 -> 0 | C7: Cross reference to upwards sales worksheet
A8: Total SG&A | B8: =SUMIFS('G-4.1 SG&A listing'!H:H,'G-4.1 SG&A listing'!C:C,"No",'G-4.1 SG&A listing'!D:D,"No",'G-4.1 SG&A listing'!E:E,"No") -> 0 | C8: Total actual SG&A expense related to domestic sales of like goods in column H of the SG&A listing worksheet excluding direct selling expenses
A9: % | B9: =B8/B7 -> #DIV/0! | C9: Formula - SG&A as a percentage of revenue
A12: [1] | B12: [2] | C12: [3] | D12: [4]
A13: Domestic MCC | B13: Sales revenue over the period | C13: Sales quantity over the period | D13: Unit SG&A
D14: =B14*$B$9/C14 -> #DIV/0!
A16: Notes: [1] | B16: The model control code of each model sold on the domestic market. The MCC used should be same as reported in D-2 Domestic sales
A17: [2] | B17: Total sales revenue of the period by MCC. The total should reconcile to the total net invoice value in D-2 Domestic Sales
A18: [3] | B18: Total sales quantity of the period by MCC. The total should reconcile to the total quantity amount in D-2 Domestic Sales
A19: [4] | B19: Unit SG&A calculation. Please use the formula provided

Sheet G-4.3 - Upwards SG&A
A1: ='B-2 Australian sales'!A1 -> INSERT COMPANY NAME
A3: Upwards SG&A
A4: Description | B4: Most recent accounting period | C4: Relevant period | D4: Accounting code
A5: Total SG&A in the audited income statement | B5: =SUM(B6:B10) -> 0
A6: - Selling
A7: - General
A8: - Administrative
A9: - Finance
A10: - Taxes & surcharges
A11: Variance between the trial balance and income statement* | B11: =B5-B12 -> 0
A12: Total SG&A in the trial balance | B12: =SUM(B13:B17) -> 0 | C12: =SUM(C13:C17) -> 0
A13: - Selling
A14: - General
A15: - Administrative
A16: - Finance
A17: - Taxes & surcharges
A18: Variance between G-4.1 & the trial balance* | B18: =B12-B19 -> 0 | C18: =C12-C19 -> 0
A19: Total SG&A from G-4.1 | B19: =SUM('G-4.1 SG&A listing'!G:G) -> 0 | C19: =SUM('G-4.1 SG&A listing'!H:H) -> 0
A21: * account for variance as far as possible.
A23: Note:
A24: Complete the yellow cells only
A25: Populate the column 'accounting code' with a reference to where the information is found in the accounting system, e.g. GL Account 6601

Sheet G-5 Australian CTM
A1: ='B-2 Australian sales'!A1 -> INSERT COMPANY NAME
A3: COST TO MAKE - AUSTRALIAN SALES OF THE GOODS
A5: [1.1] | B5: [1.1] | C5: [1.1] | D5: [1.1] | E5: [1.1] | F5: [1.1] | G5: [1.1] | H5: [1.1] | I5: [1.1] | J5: [1.2] | K5: [2] | L5: [3] | M5: [3.1] | N5: [4] | O5: [5] | P5: [6] | Q5: [7] | R5: [8] | S5: [9] | T5: [10]
A6: MCC Category 1 - Alloy content | B6: MCC Category 2 - Prime | C6: MCC Category 3 - Steel base | D6: MCC Category 4 - Coating type | E6: MCC Category 5 - Coating mass | F6: MCC Category 6 - Steel grade | G6: MCC Category 7 - Base metal thickness | H6: MCC Category 8 - Width | I6: MCC Category 9 - Form | J6: MCC | K6: Quarter | L6: Raw material cost | M6: Raw material input / consumption [specify unit e.g. KG, MT] | N6: Other material costs | O6: Direct labour cost | P6: Manufacturing overheads cost | Q6: Other costs | R6: Total cost to make | S6: Production quantity [specify unit e.g. KG, MT] | T6: Unit cost to make
J7: =CONCATENATE(A7,"-",B7,"-",C7) -> -- | R7: =SUM(L7:Q7) -> 0 | T7: =R7/S7 -> #DIV/0!
A9: Notes: [1.1] | B9: Category of the model control code. Please refer to the exporter questionnaire for details of the model control code categories and sub-categories
A10: [1.2] | B10: Model control code. Please use the formula provided
A11: [2] | B11: The quarter of the period
A12: [3] | B12: Quarterly cost of each raw material for the MCC (enter additional columns for different raw materials used)
A13: [3.1] | B13: Quarterly quantity of raw material consumed for the MCC (enter additional columns for different raw materials used)
A14: [4] | B14: Quarterly cost of other materials for the MCC (do not include indirect costs that are included in manufacturing overheads)
A15: [5] | B15: Quarterly cost of direct labour for the MCC
A16: [6] | B16: Quarterly cost of manufacturing overheads for the MCC
A17: [7] | B17: Quarterly cost of other costs for the MCC
A18: [8] | B18: Total quarterly cost to make. Please use the formula provided
A19: [9] | B19: Quarterly production quantity of the MCC.
A20: [10] | B20: Quarterly unit cost to make of the MCC. Please use the formula provided

Sheet G-5.2 Australian CTM source
A1: ='B-2 Australian sales'!A1 -> INSERT COMPANY NAME
A3: Exhibit G-5.2 source data for worksheet 'G-5 Australian CTM'
A5: Column code | B5: Column title | C5: Source
C6: Exhibit | D6: Accounting code | E6: Account name | F6: Cost centre | G6: Total amount of relevant account (in the period) | H6: Narration (if required)
A7: [3] | B7: Raw material cost
A8: [3.1] | B8: Raw material input / consumption
A9: [4] | B9: Other material costs
A10: [5] | B10: Direct labour cost
A11: [6.1] | B11: Manufacturing overhead cost
A12: [6.2] | B12: Depreciation expense
A13: [7] | B13: Other costs
A14: [9] | B14: Production quantity
A16: Notes:
A17: This sheet will be used to trace the source of the costs reported in 'G-5 Australian CTM'.
A18: Add additional lines as required, e.g. if the cost item has been broken up into further detail, or if more than one accounting code or cost centre is required for each column title.
A19: Populate the column 'exhibit' with a reference to the relevant exhibit (or attachment) where the information originates.
A20: Exhibit can be any form of source document, e.g. a screenshot from your accounting system, a General Ledger file, financial statement, management account etc.
A21: Populate the column 'accounting code' with a reference to where the information is found in the accounting system, e.g. GL Account 621.
A22: If the accounting code can be traced to a sub-account, provide the sub-account number.
A23: At 'total amount for relevant account (inquiry period)', provide the total amount from the relevant account as recorded in the accounting system.

Sheet G-7.2 Raw material CTM
A1: ='B-2 Australian sales'!A1 -> INSERT COMPANY NAME
A3: COST TO MAKE - RAW MATERIALS
A5: [1] | B5: [2] | C5: [3] | D5: [4] | E5: [5] | F5: [6] | G5: [7] | H5: [8] | I5: [9] | J5: [10]
A6: Raw material | B6: Quarter | C6: Raw material cost | D6: Other material costs | E6: Direct labour cost | F6: Manufacturing overheads cost | G6: Other costs | H6: Total cost to make | I6: Production quantity [specify unit e.g. KG, MT] | J6: Unit cost to make
H7: =SUM(C7:G7) -> 0 | J7: =H7/I7 -> #DIV/0!
A9: Notes: [1] | B9: Identify the raw material
A10: [2] | B10: The quarter of the period
A11: [3] | B11: Quarterly cost of each raw material (enter additional columns for different raw materials used)
A12: [4] | B12: Quarterly cost of other materials (do not include indirect costs that are included in manufacturing overheads)
A13: [5] | B13: Quarterly cost of direct labour
A14: [6] | B14: Quarterly cost of manufacturing overheads
A15: [7] | B15: Quarterly cost of other costs
A16: [8] | B16: Total quarterly cost to make. Please use the formula provided
A17: [9] | B17: Quarterly production quantity.
A18: [10] | B18: Quarterly unit cost to make. Please use the formula provided

Sheet G-7.4 Raw material purchase 
A1: ='B-2 Australian sales'!A1 -> INSERT COMPANY NAME
A3: RAW MATERIAL PURCHASE PRICES
A7: [1] | B7: [2] | C7: [3] | D7: [4] | E7: [5] | F7: [6] | G7: [7] | H7: [8] | I7: [9] | J7: [10] | K7: [11] | L7: [12] | M7: [13] | N7: [14] | O7: [15] | P7: [16]
A8: Raw material type | B8: Raw material description | C8: Raw material supplier | D8: Country of manufacture | E8: Does the supplier manufacture the raw material? | F8: Manufacturer (if not the supplier) | G8: Invoice number | H8: Date of invoice | I8: Quantity [specify unit e.g. KG, MT] | J8: Purchase price (excl. VAT) | K8: Unit price (excl. VAT) | L8: Currency | M8: Delivery terms | N8: Ocean freight and/or marine insurance | O8: Importation costs | P8: Inland freight
K9: =J9/I9 -> #DIV/0!
A12: Notes:
A13: [1] | B13: Specify the type of material purchased
A14: [2] | B14: Description of the raw material
A15: [3] | B15: Specify the name of the organisation that supplies the raw material
A16: [4] | B16: Specify the country the goods were manufactured in
A17: [5] | B17: Specify whether the supplier is the manufacturer/producer of the raw materials.
A18: [6] | B18: If the supplier is not the producer/manufacturer, specify the name of the producer/manufacturer.
A19: [7] | B19: Specify the invoice number of the material purchase
A20: [8] | B20: Specify the invoice date of the material purchase
A21: [9] | B21: Quantity of the raw material supplied.
A22: [10] | B22: Purchase price of the raw material (excluding the VAT)
A23: [11] | B23: Unit price of the raw material (excluding the VAT)
A24: [12] | B24: Specify the currency used in [10] & [11]
... A28: [16] | B28: If your company is required to pay for inland freight of the raw material to your factory, enter the inland freight costs

Sheet G-8 Upwards costs
A1: ='B-2 Australian sales'!A1 -> INSERT COMPANY NAME
A3: Upwards cost Reconciliation
A4: Description | B4: Value | C4: Volume | D4: Exhibit | E4: Accounting code
A5: Cost of sales/COGS in Income Statement
A6: - Variance* | B6: =B5-B7 -> 0
A7: Financial year cost of sales/COGS before adjustments | B7: =B8+B9 -> 0
A8: Difference between the period and financial year
A9: Cost of sales/COGS over the period
A10: - Variance* | B10: =B9-B11-B12-B13 -> 0
A11: - Change in finish goods inventory
A12: - Cost of sales not produced
A13: Total costs to make
A14: - Variance* | B14: =B13-B15 -> 0 | C14: =C13-C15 -> 0
A15: Summary of the cost to make all products | B15: =SUM(B16:B20) -> 0 | C15: =SUM(C16:C20) -> 0
A16: - Goods under consideration | B16: =B21 -> 0 | C16: =C21 -> 0
A17: - Other products A
A18: - Other products B
A19: - Other products C
A20: - Other products D (add new lines as required)
A21: Cost to make the goods under consideration | B21: =B22+B23+B24 -> 0 | C21: =C22+C23+C24 -> 0
A22: - Domestic Sales
A23: - Australian Sales
A24: - Third Country Sales
A26: * account for variance as far as possible.
A28: Note:
A29: Complete the yellow cells only
A30: Exhibit can be any form of source document, e.g. a worksheet, a screenshot from your accounting system, a General Ledger file, financial statement, management account etc.
A31: Populate the column 'accounting code' with a reference to where the information is found in the accounting system, e.g. GL Account 621.
A32: If the account code can be traced to a sub-account, provide the sub-account number.
A33: There must not be any balancing amounts. All amounts must be supported by source documents.

Sheet G-10 Capacity Utilisation
A1: ='B-2 Australian sales'!A1 -> INSERT COMPANY NAME
A3: CAPACITY UTILISATION
B5: Previous financial year | C5: Most recent financial year | D5: Relevant Period
A7: Production capacity* of the facility used to manufacture the goods under consideration (GUC) [A]
A9: Actual production of the GUC [B1]
A10: Actual production of the non-GUC that is manufactured using the same facility as the GUC [B2]
A12: Capacity utilisation (%) (B1+B2)/A x 100 | B12: =SUM(B9:B10)/B7 -> #DIV/0! | C12: =SUM(C9:C10)/C7 -> #DIV/0! | D12: =SUM(D9:D10)/D7 -> #DIV/0!
A15: * Rather than showing a ‘name-plate’ optimal capacity it is more meaningful to show the
A16: maximum level of production that may reasonably be attained under normal operating
A17: conditions. For example assuming: normal levels of maintenance and repair; a number
A18: of shifts and hours of operation that is not abnormally high; and a typical production mix.

Sheet I-1 Company Turnover
A1: INSERT COMPANY NAME
A3: Turnover
B5: Financial year | D5: Investigation/Review/Inquiry period
B6: Volume (Unit) | C6: Value (currency) | D6: Volume (Unit) | E6: Value (currency)
A8: Total company turnover (all products)
A9: domestic market
A10: exports to Australia
A11: exports to other countries
A12: Turnover of the nearest business unit, for which financial statements are prepared, which includes the goods under consideration
A13: domestic market
A14: exports to Australia
A15: exports to other countries
A16: Turnover of the goods under consideration
A17: domestic market
A18: exports to Australia
A19: exports to other countries

Sheet I-3 Income Tax
A1: ='I-1 Company Turnover'!A1 -> INSERT COMPANY NAME
A3: Tax Return
B5: Tax Year 1 | C5: Tax Year 2 | D5: Tax Year 3
A6: Reportable taxable income
A7: General income/company tax rate (%)
A8: General income/company tax amount | B8: =B6*B7 -> 0 | C8: =C6*C7 -> 0 | D8: =D6*D7 -> 0
A9: Preferential income/company Tax Rate (%)
A10: Preferential income/company Tax Amount Payable | B10: =B6*B9 -> 0 | C10: =C6*C9 -> 0 | D10: =D6*D9 -> 0
A11: Preferential tax benefit | B11: =B8-B10 -> 0 | C11: =C8-C10 -> 0 | D11: =D8-D10 -> 0

Sheet I-4 Grants
A1: ='I-1 Company Turnover'!A1 -> INSERT COMPANY NAME
A3: Grants
A5: [1] | B5: [2] | C5: [2] | D5: [3] | E5: [3] | F5: [4] | G5: [5] | H5: [6]
A6: Program number | B6: Name of grant | C6: Name of grant in English | D6: Granting authority | E6: Granting authority in English | F6: Date of grant | G6: Amount Received (currency) | H6: Attribution of the subsidy
A10: Notes:
A11: [1] | B11: If this grant is a subsidy program listed in the exporter questionnaire, insert the program number. If the grant does not relate to a particular program listed in the exporter questionnaire, leave blank.
A12: [2] | B12: Enter the name of the grant. If the name of the grant is not in English, also provide the English
A13: [3] | B13: Enter the name of the authority providing the grant. If the name of the granting authority is not in English, also provide the English translation
A14: [4] | B14: Enter the date that the grant was provided and/or received
A15: [5] | B15: Enter the value of grant received
A16: [6] | B16: What is the grant attributed or related to? E.g. the whole company, export sales only, the goods only etc

Sheet I-5 Preferential Loans
A1: ='I-1 Company Turnover'!A1 -> INSERT COMPANY NAME
A3: Preferential Loans
A5: [1] | B5: [2] | C5: [3] | D5: [4] | E5: [5] | F5: [6] | G5: [7] | H5: [8] | I5: [9]
A6: Loan reference | B6: Bank | C6: Is the bank a state invested bank? | D6: Currency | E6: Loan amount | F6: Loan interest rate | G6: Loan start date | H6: Loan end date | I6: Repayment terms
A11: Notes:
A12: [1] | B12: Specify the loan reference or contract number
A13: [2] | B13: Specify the name of the bank providing the loan
A14: [3] | B14: Specify whether the bank is a state-invested enterprise (SIE)
A15: [4] | B15: Specify the currency of the loan
A16: [5] | B16: Specify the loan amount
A17: [6] | B17: Specify the interest rate of the loan
A18: [7] | B18: Specify the start date of the loan
A19: [8] | B19: Specify the end date of the loan
A20: [9] | B20: Specify the repayment terms of the loan (e.g. monthly, yearly, at the end of the loan)
